 Dungeon Crawl Stone Soup version 0.22-a0-254-gaf95ca0ccb (webtiles) character file.

9769 motoroller71 the Blocker (level 11, -11/89 HPs)
             Began as a Gnoll Fighter on Mar 4, 2018.
             Was a Believer of Makhleb.
             Mangled by Sonja the queen bee (12 damage)
             ... on level 10 of the Dungeon.
             The game lasted 00:32:33 (14076 turns).

motoroller71 the Blocker (Gnoll Fighter)           Turns: 14076, Time: 00:32:33

Health: -11/89     AC: 12    Str: 21    XL:     11   Next: 51%
Magic:  20/20      EV: 13    Int: 10    God:    Makhleb [**....]
Gold:   295        SH: 12    Dex: 16    Spells: 22/22 levels left

rFire    . . .     SeeInvis +   a - +4 long sword
rCold    . . .     Gourm    .   c - +0 shield
rNeg     + . .     Faith    .   r - +0 scale mail
rPois    .         Spirit   .   (no helmet)
rElec    .         Reflect  .   t - +1 cloak
rCorr    .         Harm     .   (no gloves)
MR       .....                  l - +0 pair of boots
Stlth    ++........             (no amulet)
HPRegen  0.24/turn              S - ring of see invisible
MPRegen  0.17/turn              N - ring of positive energy {rN+}

@: flying, slowed, very slow
A: distributed training, fangs 1, strong nose
a: Minor Destruction, Renounce Religion


You were on level 10 of the Dungeon.
You worshipped Makhleb.
Makhleb was pleased with you.
You were not hungry.

You visited 2 branches of the dungeon, and saw 11 of its levels.
You also visited: Sewer and Ossuary.

You collected 569 gold pieces.
You spent 274 gold pieces at shops.

Inventory:

Hand Weapons
 a - a +4 long sword (weapon)
 b - a +0 hunting sling
 K - a +3 scimitar of holy wrath
Missiles
 x - 28 bolts
 Q - 168 stones (quivered)
Armour
 c - a +0 shield (worn)
 l - a +0 pair of boots (worn)
 r - a +0 scale mail (worn)
 t - a +1 cloak (worn)
Jewellery
 I - an uncursed ring of protection from cold
 N - a ring of positive energy (right hand) {rN+}
 S - a ring of see invisible (left hand)
Wands
 d - a wand of disintegration (19)
 w - a wand of flame (30)
 C - a wand of acid (9)
 F - a wand of polymorph (16)
Scrolls
 f - a scroll of fog
 h - 2 scrolls of immolation {!r}
 i - 2 scrolls of identify
 j - a scroll of enchant weapon
 n - 4 scrolls of magic mapping {!r}
 y - a scroll of summoning
 z - 2 scrolls of enchant armour
 B - 2 scrolls of blinking {!r}
 D - a scroll of fear {unknown}
 E - 2 scrolls of teleportation
 G - a scroll of random uselessness {unknown}
 H - 2 scrolls of noise {unknown}
Potions
 e - a potion of degeneration {unknown}
 g - 3 potions of flight
 m - 8 potions of brilliance
 o - 4 potions of agility
 p - 3 potions of mutation {unknown}
 q - 2 potions of invisibility
 s - 3 potions of haste {unknown}
 u - 11 potions of curing
 v - 2 potions of heal wounds {unknown}
 A - 4 potions of might
 J - a potion of resistance
Comestibles
 k - 21 rations
 L - 5 chunks of flesh


   Skills:
 + Level 9.1 Fighting
 + Level 6.2 Short Blades
 + Level 7.8 Long Blades
 + Level 6.2 Axes
 + Level 6.2 Maces & Flails
 + Level 6.2 Polearms
 + Level 6.2 Staves
 + Level 6.2 Slings
 + Level 6.2 Bows
 + Level 6.2 Crossbows
 + Level 6.2 Throwing
 + Level 9.1 Armour
 + Level 6.2 Dodging
 + Level 6.2 Stealth
 + Level 9.1 Shields
 + Level 6.2 Unarmed Combat
 + Level 6.2 Spellcasting
 + Level 5.2 Conjurations
 + Level 5.2 Hexes
 + Level 5.2 Charms
 + Level 5.2 Summonings
 + Level 5.2 Necromancy
 + Level 5.2 Translocations
 + Level 5.2 Transmutations
 + Level 5.2 Fire Magic
 + Level 5.2 Ice Magic
 + Level 5.2 Air Magic
 + Level 5.2 Earth Magic
 + Level 5.2 Poison Magic
 + Level 6.9 Invocations
 + Level 6.2 Evocations


You had 22 spell levels left.
You didn't know any spells.

Dungeon Overview and Level Annotations

Branches:
Dungeon (10/15)            Temple (1/1) D:7             Orc (0/2) D:9
   Lair: D:8-11

Altars:
Ashenzari
Cheibriados
Dithmenos
Elyvilon
Fedhas
Gozag
Hepliaklqana
Kikubaaqudgha
Makhleb
Nemelex Xobeh
Okawaru
Qazlal
Ru
Sif Muna
Trog
Uskayaw
Vehumet
Wu Jian
Xom
Yredelemnul
Zin
The Shining One

Shops:
D:8 ?   D:9 =

Annotations:
D:10 Sonja


Innate Abilities, Weirdness & Mutations

Your experience applies equally to all skills.
You have very sharp teeth.
Your uncanny sense of smell can sniff out nearby items.


Message History

* * * LOW HITPOINT WARNING * * *
You take 7 damage, and have 25/89 hp.
You closely miss Sonja.
You feel sick. Sonja stings you!
* * * LOW HITPOINT WARNING * * *
You are lethally poisoned!
Sonja poisons you! You block Sonja's attack.
You take 14 damage, and have 11/89 hp.
Unknown command.
It was a potion of curing.
You feel better. Sonja stings you.
* * * LOW HITPOINT WARNING * * *
You regained 3 hp, and now have 14/89 hp.
You hit Sonja but do no damage. Sonja stings you but does no damage.
Sonja stings you!
* * * LOW HITPOINT WARNING * * *
You take 13 damage, and have 1/89 hp.
Unknown command.
It was a potion of flight.
You feel very buoyant.
You fly up into the air.
Sonja stings you!
You die...

....###.####..........#
######.....'..........#
...........#..........#
...........##'###.....#
..........>.....#.....#
................#.....#
....#####.###...#.....#
....##.....######(....######
....##.....#.).y@.....#....#
.....#....########....#....#
..)..#....####..##....#....#
..)..'....⌠.⌠...8#....#....#
....#####........#....#'#####
###'#.....).⌠...8##'##(.....#
..........####..##.(.#......#
..........########...(<.....#
............##+###...#(.....#


You could see Sonja the queen bee.

Vault maps used:
D:1:      lightli_arrival_isolated_outpost
D:4:      led_sif_pool, kennysheep_mini_moat, uniq_crazy_yiuf_cottage,
          uniq_pikel
D:5:      lemuel_round_altar, old_standard_altar, first_ration, enter_ossuary_1,
          lemuel_flamethrower_2
D:6:      old_forge, nicolae_overflow_hidden_temple, gup_sewer_entry_bowl
D:7:      minmay_temple_entry_overgrown, minmay_ruffians
D:8:      serial_shops, shop
D:9:      minmay_orc_entry_temple_small, serial_column_ruins, column_ruins_hut,
          column_ruins_columns_straight, column_ruins_grid_1,
          column_ruins_open_tiny, column_ruins_columns_straight,
          column_ruins_grid_3, serial_shops, shop, grunt_livestock
D:10:     small_chamber_with_monster, uniq_sonja, uniq_nergalle
Temple:   eino_temple_scatter_basement
Sewer:    sewer_frog_island_01
Ossuary:  ossuary_minmay_tomb_2a

Notes
Turn   | Place    | Note
-------+----------+-------------------------------------------
     0 | D:1      | motoroller71 the Gnoll Fighter began the quest for the Orb.
     0 | D:1      | Reached XP level 1. HP: 23/23 MP: 1/1
   253 | D:1      | Reached XP level 2. HP: 27/29 MP: 2/2
   590 | D:1      | Reached XP level 3. HP: 35/35 MP: 3/3
  1004 | D:1      | Identified a +0 pair of boots (You found it on level 1 of the Dungeon)
  1045 | D:2      | Reached skill level 1 in Invocations
  1282 | D:2      | Reached skill level 1 in Short Blades
  1282 | D:2      | Reached skill level 1 in Axes
  1282 | D:2      | Reached skill level 1 in Maces & Flails
  1282 | D:2      | Reached skill level 1 in Polearms
  1282 | D:2      | Reached skill level 1 in Staves
  1282 | D:2      | Reached skill level 1 in Slings
  1282 | D:2      | Reached skill level 1 in Bows
  1282 | D:2      | Reached skill level 1 in Crossbows
  1282 | D:2      | Reached skill level 1 in Throwing
  1282 | D:2      | Reached skill level 1 in Dodging
  1282 | D:2      | Reached skill level 1 in Stealth
  1282 | D:2      | Reached skill level 1 in Unarmed Combat
  1282 | D:2      | Reached skill level 1 in Spellcasting
  1282 | D:2      | Reached skill level 1 in Evocations
  1282 | D:2      | Reached XP level 4. HP: 41/41 MP: 5/5
  1388 | D:2      | terminal: hi
  1417 | D:2      | Noticed a black bear
  1430 | D:2      | Killed a black bear
  1430 | D:2      | Reached skill level 1 in Conjurations
  1430 | D:2      | Reached skill level 1 in Hexes
  1430 | D:2      | Reached skill level 1 in Charms
  1430 | D:2      | Reached skill level 1 in Summonings
  1430 | D:2      | Reached skill level 1 in Necromancy
  1430 | D:2      | Reached skill level 1 in Translocations
  1430 | D:2      | Reached skill level 1 in Transmutations
  1430 | D:2      | Reached skill level 1 in Fire Magic
  1430 | D:2      | Reached skill level 1 in Ice Magic
  1430 | D:2      | Reached skill level 1 in Air Magic
  1430 | D:2      | Reached skill level 1 in Earth Magic
  1430 | D:2      | Reached skill level 1 in Poison Magic
  1430 | D:2      | Reached XP level 5. HP: 12/47 MP: 5/7
  2619 | D:3      | Reached XP level 6. HP: 53/53 MP: 8/8
  2635 | D:3      | Reached skill level 2 in Invocations
  3099 | D:4      | Noticed a slave
  3101 | D:4      | Noticed Pikel
  3101 | D:4      | Noticed a slave
  3104 | D:4      | Noticed a slave
  3104 | D:4      | Noticed a slave
  3127 | D:3      | Killed a slave
  3349 | D:3      | Killed Pikel
  3349 | D:3      | Reached skill level 7 in Fighting
  3349 | D:3      | Reached skill level 2 in Short Blades
  3349 | D:3      | Reached skill level 5 in Long Blades
  3349 | D:3      | Reached skill level 2 in Axes
  3349 | D:3      | Reached skill level 2 in Maces & Flails
  3349 | D:3      | Reached skill level 2 in Polearms
  3349 | D:3      | Reached skill level 2 in Staves
  3349 | D:3      | Reached skill level 2 in Slings
  3349 | D:3      | Reached skill level 2 in Bows
  3349 | D:3      | Reached skill level 2 in Crossbows
  3349 | D:3      | Reached skill level 2 in Throwing
  3349 | D:3      | Reached skill level 7 in Armour
  3349 | D:3      | Reached skill level 2 in Dodging
  3349 | D:3      | Reached skill level 2 in Stealth
  3349 | D:3      | Reached skill level 7 in Shields
  3349 | D:3      | Reached skill level 2 in Unarmed Combat
  3349 | D:3      | Reached skill level 2 in Spellcasting
  3349 | D:3      | Reached skill level 2 in Conjurations
  3349 | D:3      | Reached skill level 2 in Hexes
  3349 | D:3      | Reached skill level 2 in Charms
  3349 | D:3      | Reached skill level 2 in Summonings
  3349 | D:3      | Reached skill level 2 in Necromancy
  3349 | D:3      | Reached skill level 2 in Translocations
  3349 | D:3      | Reached skill level 2 in Transmutations
  3349 | D:3      | Reached skill level 2 in Fire Magic
  3349 | D:3      | Reached skill level 2 in Ice Magic
  3349 | D:3      | Reached skill level 2 in Air Magic
  3349 | D:3      | Reached skill level 2 in Earth Magic
  3349 | D:3      | Reached skill level 2 in Poison Magic
  3349 | D:3      | Reached skill level 2 in Evocations
  3349 | D:3      | Reached XP level 7. HP: 37/60 MP: 8/10
  3463 | D:4      | Reached skill level 3 in Invocations
  3473 | D:4      | Reached XP level 8. HP: 42/67 MP: 12/12
  3605 | D:4      | Reached skill level 3 in Short Blades
  3605 | D:4      | Reached skill level 3 in Axes
  3605 | D:4      | Reached skill level 3 in Maces & Flails
  3605 | D:4      | Reached skill level 3 in Polearms
  3605 | D:4      | Reached skill level 3 in Staves
  3605 | D:4      | Reached skill level 3 in Slings
  3605 | D:4      | Reached skill level 3 in Bows
  3605 | D:4      | Reached skill level 3 in Crossbows
  3605 | D:4      | Reached skill level 3 in Throwing
  3605 | D:4      | Reached skill level 3 in Dodging
  3605 | D:4      | Reached skill level 3 in Stealth
  3605 | D:4      | Reached skill level 3 in Unarmed Combat
  3605 | D:4      | Reached skill level 3 in Spellcasting
  3605 | D:4      | Reached skill level 3 in Evocations
  3729 | D:4      | Found a shimmering altar of Xom.
  3890 | D:4      | Found a deep blue altar of Sif Muna.
  3949 | D:4      | Found a runed door.
  4095 | D:4      | Noticed Crazy Yiuf
  4108 | D:4      | Killed Crazy Yiuf
  4116 | D:4      | Identified a +0 cloak (You took it off Crazy Yiuf on level 4 of the Dungeon)
  4116 | D:4      | Identified a ring of evasion (You found it on level 3 of the Dungeon)
  4167 | D:5      | Entered Level 5 of the Dungeon
  4284 | D:5      | Identified 2 scrolls of enchant weapon
  4285 | D:5      | Identified 3 scrolls of magic mapping
  4302 | D:5      | Found a hazy altar of Hepliaklqana.
  4310 | D:5      | Found a sand-covered staircase.
  4341 | Ossuary  | Entered an ossuary
  4720 | D:5      | Identified 3 scrolls of immolation
  4721 | D:5      | Identified 2 scrolls of summoning
  4757 | D:5      | Found a snail-covered altar of Cheibriados.
  5073 | D:5      | Reached skill level 3 in Conjurations
  5073 | D:5      | Reached skill level 3 in Hexes
  5073 | D:5      | Reached skill level 3 in Charms
  5073 | D:5      | Reached skill level 3 in Summonings
  5073 | D:5      | Reached skill level 3 in Necromancy
  5073 | D:5      | Reached skill level 3 in Translocations
  5073 | D:5      | Reached skill level 3 in Transmutations
  5073 | D:5      | Reached skill level 3 in Fire Magic
  5073 | D:5      | Reached skill level 3 in Ice Magic
  5073 | D:5      | Reached skill level 3 in Air Magic
  5073 | D:5      | Reached skill level 3 in Earth Magic
  5073 | D:5      | Reached skill level 3 in Poison Magic
  5073 | D:5      | Reached skill level 4 in Invocations
  5379 | D:6      | Reached XP level 9. HP: 72/72 MP: 14/14
  5381 | D:6      | Reached skill level 6 in Long Blades
  5562 | D:6      | HP: 17/73 [poisoned by a gnoll]
  5567 | D:6      | HP: 13/73 [poisoned by a gnoll]
  5572 | D:6      | HP: 9/73 [poisoned by a gnoll]
  5577 | D:6      | HP: 8/73 [poisoned by a gnoll]
  5582 | D:6      | HP: 8/73 [poisoned by a gnoll]
  5590 | D:6      | HP: 7/73 [poisoned by a gnoll]
  5717 | D:6      | Reached skill level 4 in Short Blades
  5717 | D:6      | Reached skill level 4 in Axes
  5717 | D:6      | Reached skill level 4 in Maces & Flails
  5717 | D:6      | Reached skill level 4 in Polearms
  5717 | D:6      | Reached skill level 4 in Staves
  5717 | D:6      | Reached skill level 4 in Slings
  5717 | D:6      | Reached skill level 4 in Bows
  5717 | D:6      | Reached skill level 4 in Crossbows
  5717 | D:6      | Reached skill level 4 in Throwing
  5717 | D:6      | Reached skill level 4 in Dodging
  5717 | D:6      | Reached skill level 4 in Stealth
  5717 | D:6      | Reached skill level 4 in Unarmed Combat
  5717 | D:6      | Reached skill level 4 in Spellcasting
  5717 | D:6      | Reached skill level 4 in Evocations
  5760 | D:6      | Found a glowing drain.
  5765 | Sewer    | Entered a sewer
  6221 | D:6      | Identified a ring of see invisible (You found it on level 6 of the Dungeon)
  6223 | D:6      | Identified a ring of protection from cold (You found it on level 5 of the Dungeon)
  6224 | D:6      | Identified 2 scrolls of blinking
  6225 | D:6      | Identified 2 scrolls of identify
  6225 | D:6      | Identified a ring of positive energy (You found it on level 5 of the Dungeon)
  6226 | D:6      | Identified a ring of loudness (You found it on level 6 of the Dungeon)
  6227 | D:6      | Identified 2 scrolls of enchant armour
  6228 | D:6      | Identified a scroll of remove curse
  6229 | D:6      | Identified a scroll of fog
  6816 | D:6      | Found a sacrificial altar of Ru.
  6817 | D:6      | Found a radiant altar of Vehumet.
  7088 | D:6      | HP: 18/74 [orc warrior/flail (12)]
  7358 | D:6      | Reached skill level 8 in Fighting
  7358 | D:6      | Reached skill level 8 in Armour
  7358 | D:6      | Reached skill level 8 in Shields
  7603 | D:7      | HP: 13/74 [orc warrior/dire flail of protection (21)]
  7946 | D:7      | Reached skill level 5 in Invocations
  8071 | D:7      | Reached XP level 10. HP: 80/80 MP: 15/17
  8220 | D:6      | Identified a +0 hunting sling (You took it off a human on level 7 of the Dungeon)
  8221 | D:6      | Identified a +1 long sword
  8304 | D:7      | Reached skill level 4 in Conjurations
  8304 | D:7      | Reached skill level 4 in Hexes
  8304 | D:7      | Reached skill level 4 in Charms
  8304 | D:7      | Reached skill level 4 in Summonings
  8304 | D:7      | Reached skill level 4 in Necromancy
  8304 | D:7      | Reached skill level 4 in Translocations
  8304 | D:7      | Reached skill level 4 in Transmutations
  8304 | D:7      | Reached skill level 4 in Fire Magic
  8304 | D:7      | Reached skill level 4 in Ice Magic
  8304 | D:7      | Reached skill level 4 in Air Magic
  8304 | D:7      | Reached skill level 4 in Earth Magic
  8304 | D:7      | Reached skill level 4 in Poison Magic
  8374 | D:7      | Found a staircase to the Ecumenical Temple.
  8386 | Temple   | Entered the Ecumenical Temple
  8613 | Temple   | Became a worshipper of Makhleb the Destroyer
  8668 | D:7      | Identified the Incunabulum of the Assistive Rocks
  9097 | D:8      | Noticed a two-headed ogre
  9111 | D:8      | Killed a two-headed ogre
  9111 | D:8      | Reached skill level 5 in Short Blades
  9111 | D:8      | Reached skill level 5 in Axes
  9111 | D:8      | Reached skill level 5 in Maces & Flails
  9111 | D:8      | Reached skill level 5 in Polearms
  9111 | D:8      | Reached skill level 5 in Staves
  9111 | D:8      | Reached skill level 5 in Slings
  9111 | D:8      | Reached skill level 5 in Bows
  9111 | D:8      | Reached skill level 5 in Crossbows
  9111 | D:8      | Reached skill level 5 in Throwing
  9111 | D:8      | Reached skill level 5 in Dodging
  9111 | D:8      | Reached skill level 5 in Stealth
  9111 | D:8      | Reached skill level 5 in Unarmed Combat
  9111 | D:8      | Reached skill level 5 in Spellcasting
  9111 | D:8      | Reached skill level 5 in Evocations
  9227 | D:8      | Reached skill level 7 in Long Blades
  9692 | D:8      | Identified a +4 long sword (You took it off a wight on level 8 of the Dungeon)
 10198 | D:8      | Found Pasafrite's Magic Scroll Shop.
 10289 | D:8      | Reached * piety under Makhleb
 10532 | D:8      | Bought a scroll of identify for 22 gold pieces
 10532 | D:8      | Bought a scroll of blinking for 82 gold pieces
 10532 | D:8      | Bought a scroll of teleportation for 33 gold pieces
 10532 | D:8      | Bought a scroll of identify for 22 gold pieces
 10532 | D:8      | Bought a scroll of enchant armour for 82 gold pieces
 10532 | D:8      | Identified 5 potions of brilliance
 10533 | D:8      | Identified 3 potions of agility
 10804 | D:9      | Noticed a two-headed ogre
 10816 | D:9      | Killed a two-headed ogre
 10816 | D:9      | Reached skill level 6 in Invocations
 10921 | D:9      | Found a staircase to the Orcish Mines.
 11519 | D:9      | Reached XP level 11. HP: 87/87 MP: 19/19
 11541 | D:9      | Found Zereidun's Jewellery Boutique.
 11576 | D:9      | Identified a ring of dexterity (You took it off a human on level 7 of the Dungeon)
 11578 | D:9      | Identified a ring of magical power (You found it on level 7 of the Dungeon)
 11793 | D:9      | Reached ** piety under Makhleb
 11833 | D:9      | HP: 10/87 [orc warrior/war axe (15)]
 12157 | D:8      | Bought a scroll of remove curse for 33 gold pieces
 12158 | D:8      | Identified a ring of teleportation (You found it on level 9 of the Dungeon)
 12417 | D:9      | Noticed a two-headed ogre
 12447 | D:9      | HP: 11/87 [two-headed ogre/giant spiked club (22)]
 12457 | D:10     | Entered Level 10 of the Dungeon
 13013 | D:10     | Noticed Nergalle
 13046 | D:10     | Killed Nergalle
 13046 | D:10     | Reached skill level 9 in Fighting
 13046 | D:10     | Reached skill level 6 in Short Blades
 13046 | D:10     | Reached skill level 6 in Axes
 13046 | D:10     | Reached skill level 6 in Maces & Flails
 13046 | D:10     | Reached skill level 6 in Polearms
 13046 | D:10     | Reached skill level 6 in Staves
 13046 | D:10     | Reached skill level 6 in Slings
 13046 | D:10     | Reached skill level 6 in Bows
 13046 | D:10     | Reached skill level 6 in Crossbows
 13046 | D:10     | Reached skill level 6 in Throwing
 13046 | D:10     | Reached skill level 9 in Armour
 13046 | D:10     | Reached skill level 6 in Dodging
 13046 | D:10     | Reached skill level 6 in Stealth
 13046 | D:10     | Reached skill level 9 in Shields
 13046 | D:10     | Reached skill level 6 in Unarmed Combat
 13046 | D:10     | Reached skill level 6 in Spellcasting
 13046 | D:10     | Reached skill level 6 in Evocations
 13049 | D:10     | Reached skill level 5 in Conjurations
 13049 | D:10     | Reached skill level 5 in Hexes
 13049 | D:10     | Reached skill level 5 in Charms
 13049 | D:10     | Reached skill level 5 in Summonings
 13049 | D:10     | Reached skill level 5 in Necromancy
 13049 | D:10     | Reached skill level 5 in Translocations
 13049 | D:10     | Reached skill level 5 in Transmutations
 13049 | D:10     | Reached skill level 5 in Fire Magic
 13049 | D:10     | Reached skill level 5 in Ice Magic
 13049 | D:10     | Reached skill level 5 in Air Magic
 13049 | D:10     | Reached skill level 5 in Earth Magic
 13049 | D:10     | Reached skill level 5 in Poison Magic
 13643 | D:10     | Identified a +3 scimitar of holy wrath (You found it on level 10 of the Dungeon)
 13851 | D:10     | Noticed Sonja
 14066 | D:10     | Noticed Sonja
 14066 | D:10     | Sonja changed into Sonja the queen bee
 14073 | D:10     | HP: 11/89 [Sonja the queen bee (12)]
 14074 | D:10     | Identified 12 potions of curing
 14075 | D:10     | HP: 1/89 [Sonja the queen bee (14)]
 14076 | D:10     | Identified 4 potions of flight
 14076 | D:10     | Mangled by Sonja the queen bee

Table legend:
 A = Turns spent in this place as a percentage of turns spent in the entire game.
 B = Non-inter-level travel turns spent in this place as a percentage of non-inter-level travel turns spent in the entire game.
 C = Inter-level travel turns spent in this place as a percentage of turns spent in this place.
 D = Turns resting spent in this place as a percentage of non-inter-level travel turns spent in this place.
 E = Turns spent auto-exploring this place as a percentage of non-inter-level travel turns spent in this place.
 F = Non-inter-level travel turns spent in this place divided by the number of levels of this place that you've seen.
                   A       B       C       D       E      F
               +-------+-------+-------+-------+-------+----------------------
         Total | 100.0 | 100.0 |   2.6 |  35.2 |  38.7 | 1055.2
       Dungeon |  93.1 |  92.9 |   2.7 |  36.7 |  38.9 | 1274.2
        Temple |   1.4 |   1.4 |   0.5 |   0.0 |  81.8 | 198.0
         Sewer |   3.0 |   3.1 |   0.0 |  34.4 |  20.5 | 419.0
       Ossuary |   2.5 |   2.6 |   0.0 |   1.7 |  29.9 | 358.0
               +-------+-------+-------+-------+-------+----------------------

Table legend:
 A = Kills in this place as a percentage of kills in entire the game.
 B = Kills by you in this place as a percentage of kills by you in the entire game.
 C = Kills by friends in this place as a percentage of kills by friends in the entire game.
 D = Other kills in this place as a percentage of other kills in the entire game.
 E = Experience gained in this place as a percentage of experience gained in the entire game.
 F = Experience gained in this place divided by the number of levels of this place that you have seen.
                   A       B       C       D       E      F
               +-------+-------+-------+-------+-------+----------------------
         Total | 100.0 | 100.0 |   N/A | 100.0 | 100.0 | 1073.5
       Dungeon |  88.4 |  88.3 |   N/A | 100.0 |  96.7 | 1349.2
         Sewer |   6.2 |   6.2 |   N/A |   0.0 |   1.5 | 212.0
       Ossuary |   5.5 |   5.5 |   N/A |   0.0 |   1.8 | 252.0
               +-------+-------+-------+-------+-------+----------------------

Skill      XL: |  1  2  3  4  5  6  7  8  9 10 11 |
---------------+----------------------------------+-----
Invocations    | 1 2 3 4 5 6 |  6.9
Short Blades   | 1 2 3 4 5 6 |  6.2
Axes           | 1 2 3 4 5 6 |  6.2
Maces & Flails | 1 2 3 4 5 6 |  6.2
Polearms       | 1 2 3 4 5 6 |  6.2
Staves         | 1 2 3 4 5 6 |  6.2
Slings         | 1 2 3 4 5 6 |  6.2
Bows           | 1 2 3 4 5 6 |  6.2
Crossbows      | 1 2 3 4 5 6 |  6.2
Throwing       | 1 2 3 4 5 6 |  6.2
Dodging        | 1 2 3 4 5 6 |  6.2
Stealth        | 1 2 3 4 5 6 |  6.2
Unarmed Combat | 1 2 3 4 5 6 |  6.2
Spellcasting   | 1 2 3 4 5 6 |  6.2
Evocations     | 1 2 3 4 5 6 |  6.2
Conjurations   | 1 2 3 4 5 |  5.2
Hexes          | 1 2 3 4 5 |  5.2
Charms         | 1 2 3 4 5 |  5.2
Summonings     | 1 2 3 4 5 |  5.2
Necromancy     | 1 2 3 4 5 |  5.2
Translocations | 1 2 3 4 5 |  5.2
Transmutations | 1 2 3 4 5 |  5.2
Fire Magic     | 1 2 3 4 5 |  5.2
Ice Magic      | 1 2 3 4 5 |  5.2
Air Magic      | 1 2 3 4 5 |  5.2
Earth Magic    | 1 2 3 4 5 |  5.2
Poison Magic   | 1 2 3 4 5 |  5.2
Fighting       | 7 8 9 |  9.1
Long Blades    | 5 6 7 |  7.8
Armour         | 7 8 9 |  9.1
Shields        | 7 8 9 |  9.1

Action                   |  1- 3 |  4- 6 |  7- 9 | 10-12 || total
-------------------------+-------+-------+-------+-------++-------
Melee: Long sword        |   121 |   130 |   611 |   412 ||  1274
       Bite              |    14 |    20 |    89 |    74 ||   197
 Fire: Hunting sling     |       |       |       |   173 ||   173
Throw: Throwing net      |       |       |       |     1 ||     1
Evoke: Wand              |       |       |       |     2 ||     2
  Use: Scroll            |       |       |    11 |     3 ||    14
       Potion            |       |       |       |     2 ||     2
 Stab: Sleeping          |       |       |     1 |       ||     1
  Eat: Chunk             |     1 |     7 |    10 |    17 ||    35
       Ration            |       |       |     2 |     1 ||     3
Armor: Scale mail        |    58 |    61 |   268 |   130 ||   517
Dodge: Dodged            |    39 |    41 |   221 |   181 ||   482
Block: Shield            |    80 |    95 |   389 |   252 ||   816
       Rpst.: Long sword |    14 |    14 |    67 |    51 ||   146

Vanquished Creatures
  2 two-headed ogres
  Nergalle (D:10)
  Pikel (D:3)
  A gargoyle (D:10)
  A tengu conjurer (D:10)
  2 trolls (D:10)
  A hippogriff (D:8)
  2 yaks (D:9)
  A shadow (D:10)
  5 humans (D:7)
  A hungry ghost (D:8)
  2 water moccasins
  5 orc warriors
  A slave (D:3)
  An ice beast (D:8)
  A sky beast (D:10)
  A black bear (D:2)
  A phantom (D:10)
  6 ogres
  4 centaurs
  A crocodile (D:10)
  4 bullfrogs
  6 scorpions
  7 wights
  A howler monkey (D:6)
  2 electric eels (D:8)
  A centaur zombie (D:6)
  6 crimson imps
  3 human zombies (Ossuary)
  A quasit (D:9)
  Crazy Yiuf (D:4)
  6 hounds
  5 orc priests (D:9)
  2 bullfrog zombies
  2 jellies (D:10)
  14 orc wizards
  A bullfrog skeleton (D:8)
  2 centaur skeletons
  3 iguanas
  6 worker ants
  A big kobold zombie (Ossuary)
  A hound zombie (D:6)
  A hound skeleton (D:4)
  4 mummies (Ossuary)
  7 gnolls (D:6)
  13 adders
  A shadow imp (D:7)
  An ooze (D:7)
  4 adder zombies (Ossuary)
  3 adder skeletons
  2 worms
  A dart slug (D:3)
  8 leopard geckos
  40 orcs
  11 giant cockroaches
  10 hobgoblins
  18 jackals
  5 quokkas
  8 ball pythons
  6 bats
  8 frilled lizards
  5 goblins (D:1)
  A goblin zombie (Ossuary)
  A jackal zombie (Ossuary)
  8 kobolds
  A kobold zombie (Ossuary)
  An orc zombie (Ossuary)
  A quokka zombie (D:5)
  7 rats
292 creatures vanquished.

Vanquished Creatures (others)
  A tengu conjurer (D:9)
  A bullfrog zombie (D:5)
  2 adders (D:4)
  A ball python (D:4)
  A frilled lizard (D:4)
6 creatures vanquished.

Grand Total: 298 creatures vanquished
